 Dungeon Crawl Stone Soup version 0.20.1-1-g8b1a95d (webtiles) character file.

30 roguezilla the Skirmisher (level 3, 0/36 HPs)
             Began as a Troll Fighter on Nov 18, 2017.
             Killed from afar by Sigmund (2 damage)
             ... with a puff of flame
             ... on level 2 of the Dungeon.
             The game lasted 00:04:22 (341 turns).

roguezilla the Skirmisher (Troll Fighter)            Turns: 341, Time: 00:04:23

Health: 0/36       AC:  7    Str: 25    XL:     3   Next: 5%
Magic:  2/2        EV:  8    Int:  5    God:
Gold:   25         SH:  9    Dex:  9    Spells: 2/2 levels left

rFire    . . .     SeeInvis .   a - +1 long sword
rCold    . . .     Gourm    +   c - +1 shield
rNeg     . . .     Faith    .   b - +0 robe
rPois    .         Spirit   .   (helmet restricted)
rElec    .         Reflect  .   (no cloak)
rCorr    .         Harm     .   (gloves unavailable)
MR       .....     Rnd*Rage +   (boots unavailable)
Stlth    +.........             (no amulet)
Regen    0.6/turn               d - +3 ring of intelligence
MPRegen  0.1/turn               (no ring)

@: no status effects
A: unfitting armour, claws 3, slimy green scales 1, berserk 1, dopey 1, fast
metabolism 3, gourmand, regeneration 1, shaggy fur 1, tough skin 2, wild magic 1
a: no special abilities


You were on level 2 of the Dungeon.
You were hungry.

You visited 1 branch of the dungeon, and saw 2 of its levels.

You collected 25 gold pieces.

Inventory:

Hand Weapons
 a - a +1 long sword (weapon)
Armour
 b - a +0 robe (worn)
 c - a +1 shield (worn)
Jewellery
 d - a +3 ring of intelligence (left claw)
Scrolls
 e - a scroll of teleportation {unknown}
Comestibles
 f - 2 bread rations


   Skills:
 + Level 2.8 Fighting
 + Level 1.7 Long Blades
 + Level 2.8 Dodging
 + Level 2.5 Shields


You had 2 spell levels left.
You didn't know any spells.

Dungeon Overview and Level Annotations

Branches:
Dungeon (2/15)

Altars:

Annotations:
D:2 Sigmund


Innate Abilities, Weirdness & Mutations

You are too large for most types of armour.
You have claws for hands.
Your metabolism is lightning-fast.
You like to eat raw meat.
Your natural rate of healing is unusually fast.
You are covered in fur. (AC +1)
You have very tough skin. (AC +2)
You are partially covered in slimy green scales. (AC +2)
You tend to lose your temper in combat.
You are dopey. (Int -2)
Your spells are a little harder to cast, but a little more powerful.


Message History

You barely miss the kobold.
The kobold is heavily wounded.
You hit the kobold.
You kill the kobold!
You are feeling hungry.
Something hits you but does no damage.
There is a strange disturbance nearby!
Something hits you but does no damage.
You see here a stone.
You miss something. Something hits you.
* * * LOW HITPOINT WARNING * * *
You hit something but do no damage. Something hits you but does no damage.
You completely miss something. You barely miss something. Something hits you!
* * * LOW HITPOINT WARNING * * *
You barely miss something. Something hits you but does no damage.
You hear some strange, mumbled words.
A puff of flame appears from out of thin air!
The puff of flame hits you!
You die...

#.#. #.#.. # .#.##.#.#.#
.....#.#.####
............ ...........
#........###
###..........
#..)@......#
#?.†(......# ##
#...{(.....# #####.#
#..<..(....###...#.⌠.
.............##.#.#.#.#
..............#.⌠.#.⌠.#.
.........###..'..#.#.#.#
.........# #..'.#.⌠.#.⌠.
###########
#..'..#.#.#.#


There were no monsters in sight!

Vanquished Creatures
  2 dart slugs
  A leopard gecko (D:2)
  5 bat skeletons (D:2)
  2 giant cockroaches (D:1)
  2 goblins (D:1)
  2 kobolds (D:2)
  5 bats
  4 frilled lizards
  A rat (D:2)
24 creatures vanquished.

Notes
Turn   | Place    | Note
-------+----------+-------------------------------------------
     0 | D:1      | roguezilla the Troll Fighter began the quest for the Orb.
     0 | D:1      | Reached XP level 1. HP: 22/22 MP: 0/0
    96 | D:1      | Reached XP level 2. HP: 28/29 MP: 1/1
   163 | D:1      | Gained mutation: You are dopey. (Int -2) [potion of mutation]
   163 | D:1      | Gained mutation: Your spells are a little harder to cast, but a little more powerful. [potion of mutation]
   163 | D:1      | Gained mutation: You tend to lose your temper in combat. [potion of mutation]
   163 | D:1      | Gained mutation: You are partially covered in slimy green scales. (AC +2) [potion of mutation]
   214 | D:1      | You fall through a shaft!
   316 | D:2      | Noticed Sigmund
   327 | D:2      | Reached XP level 3. HP: 28/36 MP: 2/2
   339 | D:2      | HP: 1/36 [something (12)]
   341 | D:2      | Killed from afar by Sigmund

Action                   || total
-------------------------++-------
Melee: Long sword        ||    63
  Use: Scroll            ||     3
       Potion            ||     2
Armor: Robe              ||    41
Dodge: Dodged            ||    30
Block: Shield            ||    32
       Rpst.: Long sword ||     6
